 Dungeon Crawl Stone Soup version 0.19-a0-330-g034cfd4 (webtiles) character file.

42 Amnesiac the Magician (level 3, 0/24 HPs)
             Began as a Mummy Wizard on May 28, 2016.
             Slain by Grinder (5 damage)
             ... on level 3 of the Dungeon.
             The game lasted 00:04:06 (1572 turns).

Amnesiac the Magician (Mummy Wizard)                Turns: 1572, Time: 00:04:07

Health: 0/24       AC:  4    Str: 10    XL:     3   Next: 33%
Magic:  2/7        EV: 12    Int: 17    God:
Gold:   106        SH:  0    Dex: 11    Spells: 3 memorised, 1 level left

rFire  x . .     SeeInvis .     b - +1 dagger
rCold  + . .     Gourm    .     a - +0 robe
rNeg   + + +     Faith    .     (no shield)
rPois  ∞         Spirit   .     d - +1 helmet
rElec  .         Dismiss  .     (no cloak)
rCorr  .         Reflect  .     (no gloves)
SustAt +         Harm     .     (no boots)
MR     .....                    (no amulet)
Stlth  ++........               (no ring)
                                e - ring of sustain attributes

@: not resistant to hostile enchantments, unstealthy
A: no food or potions, fire vulnerability, cold resistance 1, negative energy
resistance 3, torment resistance, unbreathing
a: no special abilities


You were on level 3 of the Dungeon.
You were not hungry.

You visited 1 branch of the dungeon, and saw 3 of its levels.

You collected 106 gold pieces.

Inventory:

Hand Weapons
 b - a +1 dagger (weapon)
 h - a -3 spear
Missiles
 g - 2 throwing nets (quivered)
 j - 7 javelins
Armour
 a - a +0 robe (worn)
 d - a +1 helmet (worn)
Jewellery
 e - a ring of sustain attributes (left hand)
Scrolls
 i - a scroll of enchant weapon
 k - a scroll of magic mapping
Books
 c - a book of Minor Magic

   Spells                             Type                      Level
   a - Magic Dart                     Conjuration                  1
   b - Blink                          Translocation                2
   c - Call Imp                       Summoning                    2
   d - Repel Missiles                 Charms/Air                   2
   e - Slow                           Hexes                        2
   f - Conjure Flame                  Conjuration/Fire             3
   g - Mephitic Cloud                 Conjuration/Poison/Air       3


   Skills:
 - Level 1.5 Dodging
 - Level 1.5 Stealth
 - Level 3.0 Spellcasting
 + Level 2.7 Conjurations
   Level 0.7 Summonings
   Level 0.7 Translocations


You had one spell level left.
You knew the following spells:

 Your Spells              Type           Power        Failure   Level  Hunger
e - Mephitic Cloud        Conj/Pois/Air  #.......     38%         3    N/A
s - Conjure Flame         Conj/Fire      #.......     30%         3    N/A
z - Magic Dart            Conj           ##..         10%         1    N/A

Dungeon Overview and Level Annotations

Branches:
Dungeon (3/15)

Altars:
Dithmenos
Kikubaaqudgha
Okawaru
Trog

Annotations:
D:2 exclusions: worm and 1 more exclusion
D:3 Grinder


Innate Abilities, Weirdness & Mutations

You do not eat or drink.
Your flesh is vulnerable to fire.
You are immune to poison.
Your flesh is cold resistant. (rC+)
You are immune to negative energy. (rN+++)
You are immune to unholy pain and torment.
You can survive without breathing.


Message History

You suddenly lose the ability to move!
Grinder gestures at you.
You are unaffected.
Grinder barely misses you. Grinder hits you!
You can move again.
Unknown command.
You hit Grinder.
Grinder is lightly wounded.
Grinder misses you.
Okay, then.
You hit Grinder but do no damage.
Grinder is lightly wounded.
Grinder hits you.
* * * LOW HITPOINT WARNING * * *
Your magical contamination has completely faded away.
You barely miss Grinder.
Grinder is lightly wounded.
Grinder hits you.
You die...

# *.......,* # *.......,*
#############.......,**********
..†......§..........,,>,,,,,,,*
.###########........,********,*
.# #...(....,********,* .###***
#.#######,**,,,,**,* ....,,*
#.######*,**,,,,**,* ###.*,*
#...5@.#*,**,,,,**,* *,******
######.#,,,,,,,,**,*
*,****8*##8#**#.#,,,,,,,,**,*
*,**8,,,8...8##.#,,,,,,****,*
*,**,,,,.....##.#*,***,,,,,,*
*,*_,,,,.....>#.#*,***,********
****,,,,.....####*,**,,,,,,,,,*
***8,,,8...8##* *,**,,,,,,,,,*
***8*##8##*****,,,,,,,,,,,,*


You could see Grinder.

Vanquished Creatures
  An adder (D:3)
  A bat (D:1)
  2 giant cockroaches (D:2)
  8 goblins
  8 hobgoblins
  2 quokkas
  A ball python (D:3)
  A giant newt (D:2)
  A kobold (D:2)
  4 rats
29 creatures vanquished.

Notes
Turn   | Place    | Note
--------------------------------------------------------------
     0 | D:1      | Amnesiac the Mummy Wizard began the quest for the Orb.
     0 | D:1      | Reached XP level 1. HP: 13/13 MP: 4/4
    53 | D:1      | Reached skill level 1 in Conjurations
   284 | D:1      | Reached XP level 2. HP: 9/19 MP: 0/6
   799 | D:2      | Noticed a moth of wrath
   802 | D:2      | Found a bloodstained altar of Trog.
  1166 | D:2      | Reached XP level 3. HP: 24/24 MP: 1/7
  1224 | D:2      | Learned a level 3 spell: Mephitic Cloud
  1228 | D:2      | Learned a level 3 spell: Conjure Flame
  1430 | D:3      | Noticed Grinder
  1435 | D:3      | Paralysed by Grinder for 2 turns
  1444 | D:3      | Found a shadowy altar of Dithmenos.
  1444 | D:3      | Found an ancient bone altar of Kikubaaqudgha.
  1488 | D:3      | Found an iron altar of Okawaru.
  1555 | D:3      | Paralysed by Grinder for 2 turns
  1566 | D:3      | Paralysed by Grinder for 4 turns
  1572 | D:3      | Slain by Grinder

Vault maps used:
D:1:      mrwooster_arrival_arrow, minmay_misc_feat_room
D:2:      tgw_trog, minmay_liquid_box
D:3:      okawaru_metal_pillars_1_2, nicolae_overflow_hidden_temple,
          gammafunk_temple_overflow_elements, lemuel_coloured_pillars_altar,
          first_bread, uniq_grinder

Skill      XL: |  1  2 |
---------------+-------+-----
Conjurations   | 1 2 |  2.7
Dodging        | |  1.5
Stealth        | |  1.5
Spellcasting   | |  3.0
Summonings     | |  0.7
Translocations | |  0.7

Action                   || total
-------------------------++-------
Melee: Spear             ||    34
       Unarmed           ||     1
       Dagger            ||     5
 Cast: Magic Dart        ||    59
       Conjure Flame     ||     2
       Mephitic Cloud    ||     1
  Use: Scroll            ||     4
 Stab: Sleeping          ||     1
       Confused          ||     1
Armor: Robe              ||    11
Dodge: Dodged            ||    30
